 Dungeon Crawl Stone Soup version 0.29.1-13-g9f3cf754e1 (webtiles) character file.

Game seed: 16784173713905099450

30 protoss039 the Digger (level 3, 25/26 HPs)
             Began as a Demonspawn Earth Elementalist on Feb 8, 2023.
             Got out of the dungeon alive.
             The game lasted 00:01:52 (1312 turns).

protoss039 the Digger (DsEE)                        Turns: 1312, Time: 00:01:52

Health: 25/26      AC:  3    Str:  8    XL:     3   Next: 3%
Magic:  6/6        EV: 12    Int: 18    God:
Gold:   50         SH:  0    Dex: 13    Spells: 3/6 levels left

rFire   . . .      SeeInvis .   h - +0 short sword
rCold   . . .      Faith    .   (no shield)
rNeg    . . .      Spirit   .   a - +0 robe
rPois   .          Reflect  .   (no helmet)
rElec   .          Harm     .   (no cloak)
rCorr   .          Rampage  .   j - +0 pair of gloves
Will    .....                   (no boots)
Stlth   ++........              (no amulet)
HPRegen 0.08/turn               (no ring)
MPRegen 0.20/turn               (no ring)

@: no status effects
A: demonic guardian 1, magic regeneration
a: no special abilities


You escaped.
You visited 1 branch of the dungeon, and saw 2 of its levels.

You collected 50 gold pieces.

Inventory:

Hand Weapons
 h - a +0 short sword (weapon)
Armour
 a - a +0 robe (worn)
 j - a +0 pair of gloves (worn)
Scrolls
 e - a scroll of fear {unknown}
 g - 4 scrolls of identify {unknown}
 i - a scroll of brand weapon {unknown}
Potions
 b - a potion of magic
 c - a potion of curing {unknown}
 d - a potion of mutation {unknown}
 f - a potion of flight {unknown}


   Skills:
 + Level 1.4 Fighting
 - Level 1.7 Dodging
 - Level 1.7 Stealth
 + Level 2.4 Spellcasting
 - Level 0.8 Transmutations
 + Level 3.1 Earth Magic


You had 3 spell levels left.
You knew the following spells:

 Your Spells              Type           Power      Damage    Failure   Level
a - Sandblast             Erth           26%        2d8       4%          1
b - Passwall              Tmut/Erth      7%         N/A       12%         2

Your spell library contained the following spells:

 Spells                   Type           Power      Damage    Failure   Level
 Stone Arrow              Conj/Erth      14%        3d7       26%         3
 Petrify                  Tmut/Erth      9%         N/A       58%         4


Dungeon Overview and Level Annotations

Branches:
Dungeon (2/15) Zot: 10668

Altars:


Innate Abilities, Weirdness & Mutations

A weak demonic guardian rushes to your aid.
You regenerate magic rapidly.


Message History

A goblin is nearby!
A goblin is nearby!
A goblin is nearby!
A goblin is nearby!
A goblin is nearby!
A goblin is nearby!
The goblin shouts!
The goblin drinks a potion.
The goblin seems to grow stronger.
You see here a +0 whip.
The goblin completely misses you.
You barely miss the goblin. The goblin hits you with a +0 club.
You closely miss the goblin. You punch the goblin, but do no damage.
The goblin closely misses you. The goblin barely misses you.
You hit the goblin.
The goblin is heavily wounded.
The goblin misses you.
You barely miss the goblin.
The goblin is heavily wounded.
The goblin misses you.
You closely miss the goblin.
The goblin is heavily wounded.
The goblin hits you with a +0 club.
A demonic guardian appears!
Casting: Sandblast (safe; 4% risk of failure)
Confirm with . or Enter, or press ? or * to list all spells.
Aiming: Sandblast (safe; 4% risk of failure)
Press: ? - help, Shift-Dir - straight line, f - goblin
Aim: a goblin, wielding a +0 club (heavily wounded, strong, ally target, 77% to hit)
The blast of sand hits the goblin!
You kill the goblin!
Unknown command.
Unknown command.
Magic restored.
There is a stone staircase leading up here.
You climb upwards.
Your summoned ally is left behind.
There is a stone staircase leading down here.
There is an open door here.
There is an open door here.
There is a staircase leading out of the dungeon here.
Are you sure you want to leave the Dungeon?
This will make you lose the game!
You have escaped!

#........##..##.......
#........###.##.......
#........# #.##.......
#........###.######.##
##................#.##
#############..#.#.##
##P#P♣....'....#.##
♣.#P♣..~~~###..#.##
#♣@....8~## #..#.##
♣.#P♣..~~~####...##
##P#P♣....'.##.####
##########.##.....
#......##. #.##......
#.##.#.### #.##.#....
#.##.#..##


There were no monsters in sight!

Vanquished Creatures
  An adder (D:2)
  A worm (D:2)
  2 endoplasms (D:1)
  2 giant cockroaches
  3 goblins
  A quokka (D:1)
  A ball python (D:1)
  4 frilled lizards (D:1)
  A kobold (D:1)
  3 rats (D:1)
19 creatures vanquished.

Notes
Turn   | Place    | Note
-------+----------+-------------------------------------------
     0 | D:1      | protoss039 the Demonspawn Earth Elementalist began the
                  | quest for the Orb.
     0 | D:1      | Reached XP level 1. HP: 13/13 MP: 3/3
   349 | D:1      | Gained mutation: You regenerate magic rapidly. [demonic
                  | ancestry]
   349 | D:1      | Reached XP level 2. HP: 9/20 MP: 3/5
   637 | D:1      | Reached skill level 1 in Fighting
   785 | D:1      | Learned a level 2 spell: Passwall
   795 | D:2      | Reached skill level 3 in Earth Magic
  1064 | D:2      | Gained mutation: A weak demonic guardian rushes to your
                  | aid. [demonic ancestry]
  1064 | D:2      | Reached XP level 3. HP: 9/26 MP: 1/6
  1312 | D:$      | Got out of the dungeon alive.

Illustrated notes

Levels and vault maps discovered:
D:1:      tarquinn_simple_flora_water_d, layout_basic, minmay_pentomino_w4
D:2:      layout_rooms, chequers_ecumenical_altar_simple,
          uniq_crazy_yiuf_cottage, uniq_jessica

Skill      XL: |  1  2 |
---------------+-------+-----
Fighting       | 1 |  1.4
Earth Magic    | 3 |  3.1
Dodging        | |  1.7
Stealth        | |  1.7
Spellcasting   | |  2.4
Transmutations | |  0.8

Action                   || total
-------------------------++-------
Melee: Unarmed           ||     6
       Hand axe          ||     6
       Short sword       ||    13
       Punch             ||     1
 Cast: Sandblast         ||    26
 Stab: Sleeping          ||     1
Armor: Robe              ||    10
Dodge: Dodged            ||    37
